 Dungeon Crawl Stone Soup version 0.30-a0-1161-g0704695555 (webtiles) character file.

Game seed: 6685922568497885136

6777 SkeletonJelly the Severer (level 10, -11/84 HPs)
             Began as a Demonspawn Chaos Knight on Apr 27, 2023.
             Was a Plaything of Xom.
             Killed from afar by a wretched star (23 damage)
             ... with a lance of force
             ... on level 2 of the Abyss.
             The game lasted 00:15:35 (8921 turns).

SkeletonJelly the Severer (Demonspawn Chaos Knight) Turns: 8921, Time: 00:15:36

Health: -11/84     AC:  9    Str: 17 (18) XL:     10   Next: 76%
Magic:  8/9        EV: 10    Int: 11 (12) God:    Xom [....*.]
Gold:   473        SH:  0    Dex: 19 (21) Spells: 9/9 levels left

rFire   + . .        B - +9 battleaxe "Ricletets" {freeze, Fly Int-4 Dex+3}
rCold   x . .        (shield currently unavailable)
rNeg    . . .        h - +2 ring mail {Will+}
rPois   .            (helmet restricted)
rElec   +            N - +1 cloak
rCorr   .            (gloves unavailable)
SInv    .            (no boots)
Will    +....        (no amulet)
Stlth   +            R - +6 ring of strength
HPRegen 1.14/turn    l - ring of Ukun {rElec Int-2 Dex+5 Slay+4}
MPRegen 0.11/turn

%: no passive effects
@: mighty, cleaving, flying, unable to read
A: powered by pain 1, big brain 2, demonic touch 3, beak, fire resistance 1,
high MP 1, regeneration 1, robust 2, cold vulnerability 1, [deterioration 2],
[low MP 2], [weak 2], [inability to read after injury 2]
a: Renounce Religion


You were on level 2 of the Abyss.
You worshipped Xom.
You were a beloved toy of Xom.
You visited 1 branch of the dungeon, and saw 8 of its levels.
You visited the Abyss 1 time.
You also visited: Bailey.

You collected 473 gold pieces.

Inventory:

Hand Weapons
 a - a +0 hand axe of chaos
 r - a +0 war axe of electrocution
 B - the +9 battleaxe "Ricletets" (weapon) {freeze, Fly Int-4 Dex+3}
   (You found it on level 4 of the Dungeon)

   Int:       It affects your intelligence (-4).
   Dex:       It affects your dexterity (+3).
   Fly:       It grants you flight.
 K - a +0 whip of electrocution
 T - a +0 war axe of flaming
Missiles
 w - 8 poisoned darts
 Q - a curare-tipped dart
Armour
 b - a +2 leather armour
 h - a +2 ring mail of willpower (worn)
 s - a +0 pair of gloves
 u - a +0 plate armour
 z - a +0 kite shield
 F - a +0 scale mail of cold resistance
 N - a +1 cloak (worn)
Jewellery
 l - the ring of Ukun (right hand) {rElec Int-2 Dex+5 Slay+4}
   (You acquired it on level 8 of the Dungeon)

   [ring of slaying]

   Int:       It affects your intelligence (-2).
   Dex:       It affects your dexterity (+5).
   Slay:      It affects your accuracy & damage with ranged weapons and melee
   (+4).
   rElec:     It insulates you from electricity.
 y - a ring of protection from fire
 D - an amulet of magic regeneration
 G - an amulet of faith
 P - a ring of fire
 R - a +6 ring of strength (left hand)
 S - a ring of see invisible
Wands
 n - a wand of charming (2)
 x - a wand of digging (4)
 C - a wand of iceblast (8)
 I - a wand of flame (27)
 J - a wand of mindburst (3)
Scrolls
 d - 3 scrolls of teleportation
 g - 3 scrolls of noise
 k - 14 scrolls of identify
 p - a scroll of fog
 A - 4 scrolls of amnesia
 L - 3 scrolls of silence
Potions
 e - 4 potions of might
 f - a potion of flight
 i - a potion of resistance {unknown}
 j - 2 potions of mutation
 m - 2 potions of berserk rage
 o - 4 potions of curing {unknown}
 q - 5 potions of heal wounds {unknown}
 t - a potion of invisibility {unknown}
 v - 6 potions of haste
 E - a potion of experience {unknown}
 H - 2 potions of cancellation {unknown}
 O - a potion of lignification {unknown}
Miscellaneous
 c - a piece from Xom's chessboard (15/15) (quivered)


   Skills:
 - Level 3.0 Fighting
 + Level 15.1 Axes
 - Level 1.7 Armour
 - Level 0.8 Dodging


You had 9 spell levels left.
You didn't know any spells.
Your spell library contained the following spells:

 Spells                   Type           Power      Damage    Failure   Level
 Magic Dart               Conj           0%         1d3       54%         1
 Ensorcelled Hibernation  Hex/Ice        0%         N/A       67%         2
 Searing Ray              Conj           0%         2d4       67%         2
 Ozocubu's Armour         Ice            0%         N/A       88%         3
 Spider Form              Tmut/Pois      0%         N/A       88%         3
 Stone Arrow              Conj/Erth      0%         3d7       88%         3
 Vhi's Electric Charge    Tloc/Air       0%         N/A       88%         3
 Anguish                  Hex/Necr       0%         N/A       99%         4
 Animate Armour           Summ/Erth      0%         N/A       99%         4
 Fulminant Prism          Conj/Hex       0%         3d5       99%         4
 Arcjolt                  Conj/Air       0%         1d10      100%        5
 Metabolic Englaciation   Hex/Ice        0%         N/A       100%        5
 Silence                  Hex/Air        0%         N/A       100%        5
 Plasma Beam              Fire/Air       0%         2x1d11    100%        6
 Simulacrum               Ice/Necr       0%         N/A       100%        6
 Ozocubu's Refrigeration  Ice            0%         4d7       100%        7
 Infestation              Necr           0%         N/A       100%        8
 Lehudib's Crystal Spear  Conj/Erth      0%         10d2      100%        8


Dungeon Overview and Level Annotations

Branches:
Dungeon (8/15)             Temple (0/1) D:4          Bailey (visited)
   Lair: D:8-11

Altars:
Ashenzari
Nemelex Xobeh
Okawaru
Vehumet
Wu Jian
Yredelemnul

Shops:
D:6 :   D:8 =

Annotations:
D:8 3 runed translucent doors, MathMan16's ghost, novice DjFE


Innate Abilities, Weirdness & Mutations

You sometimes gain a little power by taking damage.
You have an extremely huge brain. (Int +4)
Your touch may irresistibly damage your foes and sap their willpower.
You have a beak for a mouth.
Your flesh is heat resistant. (rF+)
You have an increased reservoir of magic. (+10% MP)
Your natural rate of healing is unusually fast.
You are very robust. (+20% HP)
You are vulnerable to cold. (rC-)
[Your body often deteriorates upon taking damage.]
[Your magical capacity is very low. (-20% MP)]
[You are very weak. (Str -4)]
[You sometimes lose the ability to read scrolls when taking damage.]


Message History

You take 1 damage, and have 83/84 hp.
The tentacled starspawn closely misses you.
The tentacled starspawn tentacle-slaps you!
You take 10 damage, and have 73/84 hp.
The small abomination hits you. The small abomination hits you!
You focus on the pain.
You feel agile all of a sudden.
You take 14 damage, and have 59/84 hp.
Found a gateway leading deeper into the Abyss.
The small abomination misses you.
A raiju comes into view.
The area is suffused with divine lightning!
The blast of lightning engulfs the tentacled starspawn!!!
The raiju barks!
You hear a bark!
You hear a shout!
You hear a croak.
You hear a roar!
The worldbinder calls forth creatures from the Shoals!
Tentacles burst from the starspawn's body! 2 starspawn tentacles come into view.
A raiju comes into view.
The raiju barks!
The raiju bursts into living lightning!
The living lightning hits you. You resist.
The raiju blinks! x2
The starspawn tentacle grabs you. The starspawn tentacle constricts you.
The starspawn tentacle's grasp on you weakens, but your attempt to escape fails.
You are suddenly pulled into a different region of the Abyss!
The snapping turtle disappears in a puff of smoke!
The manticore disappears in a puff of smoke!
You regained 2 hp, and now have 65/84 hp.
You regained 2 hp, and now have 73/84 hp.
Found a corrupted altar of Lugonu.
An ancient zyme comes into view.
You feel yourself growing ill in the presence of the ancient zyme.
You regained 2 hp, and now have 81/84 hp.
Health restored: 84
Found a corrupted altar of Lugonu.
A wretched star comes into view.
Found a gateway leading deeper into the Abyss.
The wretched star pulses with an eldritch light!
You feel weaker. x2; You feel yourself wasting away.
You feel your body start to fall apart.
The wretched star glows turbulently.
The lance of force misses you.
A large abomination comes into view.
You feel a little less agile now.
The wretched star glows turbulently.
The lance of force hits you!!
Your body deteriorates!
You feel weakened.
A shower of butterflies erupts from you!
You focus on the pain.
You feel very mighty all of a sudden.
You are knocked back by the lance of force.
You slam into the rock wall!
Your body deteriorates!
You feel clumsy.
You take 38 damage, and have 46/84 hp.
MASSIVE DAMAGE!!
You swap places.
Xom smiles on you.
The +9 battleaxe "Ricletets" {freeze, Fly Int-4 Dex+3} looks sharp (like it always does).
You regained 2 hp, and now have 50/84 hp.
The wretched star pulses with an eldritch light!
You feel less energetic. x2
Your butterfly twists and deforms. x4
You now have 8/8 mp.
The wretched star pulses with an eldritch light!
You occasionally lose the ability to read scrolls when taking damage.
Xom is highly amused!
You lose the ability to read scrolls when taking damage more often.
Your butterfly twists and deforms.
You regained 3 hp, and now have 59/84 hp.
A hellwing comes into view. "Hum-dee-hum-dee-hum..."
The hellwing evaporates and reforms as a red devil!
The wretched star glows turbulently.
The lance of force hits you!
You feel threatened and lose the ability to read scrolls!
Your body deteriorates!
You feel clumsy.
You are knocked back by the lance of force.
You slam into the metal wall!
You take 20 damage, and have 43/84 hp.
MASSIVE DAMAGE!!
You regained 2 hp, and now have 45/84 hp.
Found a gateway leading deeper into the Abyss.
The wretched star glows turbulently.
The lance of force hits you!!
* * * LOW HITPOINT WARNING * * *
Your body deteriorates!
You feel dopey.
You are knocked back by the lance of force.
You slam into the metal wall!
* * * LOW HITPOINT WARNING * * *
You take 38 damage, and have 8/84 hp.
MASSIVE DAMAGE!!
You cannot read scrolls in your current state!
It was a potion of flight.
You feel more buoyant.
Xom roars with laughter!
It was a potion of mutation.
You feel extremely strange.
Your talons dull and shrink into feet.
You feel less heat resistant.
You feel stupid.
You feel vulnerable to cold.
You feel more energetic. The red devil barely misses you.
The wretched star glows turbulently.
The lance of force hits you!!
You die...
Xom roars with laughter!

.. . # #. . . #. ..
. #.#.##### .#. #.
..# . ...#..
#.###..##... #. #
#.#.#.#.##....#####
#.*#....##. #.*..#
#.#.##.## #... b
#@4#.#.##...*.##b#
#....#4*..#ยง .
#.#.. ....#.....#.#
### .##
#..##....#.#..# . #
## ##...###### .. #
# #..... #..# ...
##>.#.# ### .. .##
.. #... >..#


You could see a wretched star and a red devil.

Vanquished Creatures
  A two-headed ogre (D:8)
  A gargoyle (Bailey)
  A komodo dragon (D:7)
  Grinder (D:3)
  Prince Ribbit (D:6)
  A wyvern (D:7)
  A vampire (Bailey)
  Menkaure (D:6)
  A large abomination (Abyss:2)
  Duvessa (D:5)
  3 sky beasts
  2 orc warriors (D:8)
  An ogre (D:7)
  A phantom (D:6)
  2 centaurs
  A lemure (D:4)
  A kobold brigand (D:6)
  Blork the orc (D:6)
  A bullfrog (D:8)
  3 scorpions
  4 wights (D:8)
  Dowan (D:5)
  5 killer bees (D:7)
  8 wolf zombies (Bailey)
  A howler monkey (D:8)
  5 vampire bats (Bailey)
  A hound (D:5)
  A jelly (D:3)
  5 orc priests
  9 iguanas
  3 sleepcaps
  Ijyb (D:3)
  Terence (D:3)
  6 orc wizards
  5 gnolls
  19 orc zombies (Bailey)
  9 adders
  A shadow imp (D:7)
  3 ufetubi
  2 dart slugs
  45 orcs
  8 ball pythons
  5 bats
  5 endoplasms
  4 giant cockroaches
  9 hobgoblins
  A quokka (D:4)
  4 frilled lizards
  13 goblins
  8 kobolds
  6 rats
224 creatures vanquished.

Vanquished Creatures (collateral kills)
  A tentacled starspawn (Abyss:2)
  Pikel (D:4)
  2 lemures (D:4)
  An orc (D:8)
  A ball python (D:4)
  A starspawn tentacle (Abyss:2)
7 creatures vanquished.

Vanquished Creatures (others)
  4 vampire bats (Bailey)
  2 iguanas (D:7)
  A goblin (D:3)
  A hobgoblin (D:3)
  A quokka (D:3)
  2 frilled lizards (D:7)
  35 plants
  2 starspawn tentacles (Abyss:2)
48 creatures vanquished.

Grand Total: 279 creatures vanquished

Notes
Turn   | Place    | Note
-------+----------+-------------------------------------------
     0 | D:1      | SkeletonJelly the Demonspawn Chaos Knight began the quest
                  | for the Orb.
     0 | D:1      | Reached XP level 1. HP: 18/18 MP: 1/1
   129 | D:1      | Reached skill level 3 in Axes
   176 | D:1      | XOM: divination: detect items
   184 | D:1      | Gained mutation: Your touch may inflict minor irresistible
                  | damage on your foes. [demonic ancestry]
   184 | D:1      | Reached XP level 2. HP: 24/24 MP: 2/2
   554 | D:1      | XOM: smoke on damage
   861 | D:2      | Gained mutation: Your touch may inflict irresistible damage
                  | on your foes. [demonic ancestry]
   861 | D:2      | Reached XP level 3. HP: 29/29 MP: 3/3
   945 | D:2      | XOM: 1-stop teleportation journey
   949 | D:2      | Reached skill level 4 in Axes
  1092 | D:2      | XOM: noise
  1217 | D:2      | Reached XP level 4. HP: 33/35 MP: 4/4
  1256 | D:2      | XOM: give mutations
  1256 | D:2      | Gained mutation: Your flesh is heat resistant. (rF+) [Xom's
                  | grace]
  1256 | D:2      | Gained mutation: You have large cloven feet. [Xom's grace]
  1256 | D:2      | Gained mutation: You are robust. (+10% HP) [Xom's grace]
  1256 | D:2      | Gained mutation: You are very robust. (+20% HP) [Xom's
                  | grace]
  1354 | D:3      | XOM: 10-stop teleportation journey
  1412 | D:3      | Reached skill level 5 in Axes
  1511 | D:3      | Noticed Ijyb
  1512 | D:3      | XOM: enchant monster (good)
  1517 | D:3      | XOM: fog
  1519 | D:3      | Killed Ijyb
  1520 | D:3      | Reached XP level 5. HP: 45/49 MP: 5/5
  1522 | D:3      | XOM: 2-stop teleportation journey
  1659 | D:3      | Noticed Grinder
  1669 | D:3      | XOM: destruction
  1677 | D:3      | Killed Grinder
  1678 | D:3      | Reached skill level 6 in Axes
  1678 | D:3      | Gained mutation: You have an unusually large brain. (Int
                  | +2) [demonic ancestry]
  1678 | D:3      | Reached XP level 6. HP: 47/56 MP: 6/6
  1796 | D:3      | Noticed Terence
  1803 | D:3      | Killed Terence
  1940 | D:3      | Found a sparkling altar of Nemelex Xobeh.
  1961 | D:3      | XOM: polymorph orc -> hobgoblin
  2069 | D:4      | Identified the +9 battleaxe "Ricletets" {freeze, Fly Int-4
                  | Dex+3}
  2139 | D:4      | Got the Quarto of Ghastly Interference
  2330 | D:4      | XOM: god gift: scroll labelled BOAVIENEACS {god gift}
  2407 | D:4      | Reached skill level 7 in Axes
  2459 | D:4      | Found a staircase to the Ecumenical Temple.
  2473 | D:4      | XOM: 4-stop teleportation journey
  2660 | D:4      | XOM: summons friendly shadow imp
  2665 | D:4      | Noticed Pikel
  2667 | D:4      | XOM: swap monsters
  2687 | D:4      | Killed Pikel
  2688 | D:4      | Reached skill level 8 in Axes
  2688 | D:4      | Gained mutation: Your touch may irresistibly damage your
                  | foes and sap their willpower. [demonic ancestry]
  2688 | D:4      | Reached XP level 7. HP: 60/62 MP: 7/7
  2962 | D:4      | XOM: give mutations
  2962 | D:4      | Gained mutation: You have a beak for a mouth. [Xom's grace]
  2962 | D:4      | Lost mutation: You have large cloven feet. [Xom's grace]
  2962 | D:4      | Gained mutation: You have sharp toenails. [Xom's grace]
  2962 | D:4      | Gained mutation: You have hidden genetic potential. [Xom's
                  | grace]
  3052 | D:4      | XOM: give mutations
  3052 | D:4      | Gained mutation: [Your body sometimes deteriorates upon
                  | taking damage.] [Xom's mischief]
  3052 | D:4      | Gained mutation: You occasionally lose the ability to drink
                  | potions when taking damage. [Xom's mischief]
  3052 | D:4      | Gained mutation: Your spells are a little harder to cast,
                  | but a little more powerful. [Xom's mischief]
  3052 | D:4      | Lost mutation: You occasionally lose the ability to drink
                  | potions when taking damage. [Xom's mischief]
  3091 | D:4      | XOM: give mutations
  3091 | D:4      | Lost mutation: [Your body sometimes deteriorates upon
                  | taking damage.] [Xom's mischief]
  3091 | D:4      | Gained mutation: You are strong-willed. (Will+) [Xom's
                  | mischief]
  3185 | D:5      | Entered Level 5 of the Dungeon
  3185 | D:5      | Noticed Duvessa
  3185 | D:5      | Noticed Dowan
  3249 | D:5      | Reached skill level 9 in Axes
  3249 | D:5      | Gained mutation: You sometimes gain a little power by
                  | taking damage. [demonic ancestry]
  3249 | D:5      | Reached XP level 8. HP: 53/69 MP: 8/8
  3255 | D:5      | XOM: give mutations
  3255 | D:5      | Lost mutation: You are strong-willed. (Will+) [Xom's
                  | mischief]
  3255 | D:5      | Lost mutation: Your spells are a little harder to cast, but
                  | a little more powerful. [Xom's mischief]
  3408 | D:5      | XOM: 1-stop teleportation journey
  3412 | D:5      | XOM: swap monsters
  3437 | D:5      | Killed Dowan
  3537 | D:5      | XOM: 3-stop teleportation journey
  3539 | D:5      | XOM: cast spell 'Necromutation'
  4037 | D:5      | Killed Duvessa
  4038 | D:5      | Reached skill level 10 in Axes
  4040 | D:5      | Gained mutation: Your flesh is very heat resistant. (rF++)
                  | [hidden potential]
  4165 | D:5      | XOM: god gift: 24 gold pieces
  4536 | D:6      | Noticed Blork the orc
  4538 | D:6      | Killed Blork the orc
  4583 | D:6      | Found Eblauzorch's Book Shoppe.
  4585 | D:6      | Noticed a walking divine tome
  4585 | D:6      | Noticed a walking earthen tome
  4709 | D:6      | Noticed Menkaure
  4715 | D:6      | Killed Menkaure
  4803 | D:6      | Noticed Prince Ribbit
  4815 | D:6      | Reached skill level 11 in Axes
  4819 | D:6      | Killed Prince Ribbit
  4820 | D:6      | Gained mutation: You have an extremely huge brain. (Int +4)
                  | [demonic ancestry]
  4820 | D:6      | Reached XP level 9. HP: 39/75 MP: 9/9
  4950 | D:6      | Found an ornate altar of the Wu Jian Council.
  5395 | D:6      | Found an iron altar of Okawaru.
  5446 | D:6      | XOM: god gift: 2 atropa-tipped darts
  5676 | D:7      | Gained mutation: Your flesh is almost immune to the effects
                  | of heat. (rF+++) [hidden potential]
  5676 | D:7      | Lost mutation: You have hidden genetic potential. [hidden
                  | potential expressed]
  5722 | D:7      | Reached skill level 12 in Axes
  5745 | D:7      | XOM: give mutations
  5745 | D:7      | Gained mutation: You passively map a small area around you.
                  | [Xom's mischief]
  5745 | D:7      | Lost mutation: You passively map a small area around you.
                  | [Xom's mischief]
  5745 | D:7      | Lost mutation: Your flesh is almost immune to the effects
                  | of heat. (rF+++) [Xom's mischief]
  5768 | D:7      | XOM: 3-stop teleportation journey
  5858 | D:7      | Found a basalt altar of Yredelemnul.
  5877 | D:7      | XOM: divination: magic mapping
  6132 | D:7      | XOM: 3-stop teleportation journey
  6370 | D:7      | Noticed a komodo dragon
  6376 | D:7      | XOM: destruction
  6382 | D:7      | Killed a komodo dragon
  6700 | D:8      | Noticed a two-headed ogre
  6700 | D:8      | XOM: 1-stop teleportation journey
  6703 | D:8      | Reached skill level 13 in Axes
  6705 | D:8      | Killed a two-headed ogre
  6706 | D:8      | Reached XP level 10. HP: 67/84 MP: 10/10
  6930 | D:8      | Found a broken altar of Ashenzari.
  6998 | D:8      | XOM: smoke on damage
  7005 | D:8      | XOM: summons friendly quasit
  7305 | D:8      | Identified a scroll of acquirement
  7305 | D:8      | Acquired the ring of Ukun {rElec Int-2 Dex+5 Slay+4}
  7349 | D:8      | Found a flagged portal.
  7365 | Bailey   | Entered a bailey
  7496 | Bailey   | XOM: noise
  7792 | Bailey   | Noticed a gargoyle
  7801 | Bailey   | Killed a gargoyle
  7802 | Bailey   | Reached skill level 14 in Axes
  7925 | Bailey   | XOM: fake destruction
  8154 | Bailey   | XOM: divine lightning
  8389 | Bailey   | XOM: give mutations
  8389 | Bailey   | Gained mutation: Your mind is acute. (Int +4, Str/Dex -1)
                  | [Xom's grace]
  8389 | Bailey   | Gained mutation: Your natural rate of healing is unusually
                  | fast. [Xom's grace]
  8539 | D:8      | Found Ligothus's Jewellery Emporium.
  8548 | D:8      | Found a runed translucent gate.
  8548 | D:8      | Found a runed translucent gate.
  8548 | D:8      | Found a runed translucent gate.
  8556 | D:8      | Noticed MathMan16's ghost (novice DjFE)
  8596 | D:8      | Found a radiant altar of Vehumet.
  8688 | D:8      | XOM: summons 4 hostile shadow creatures
  8783 | Abyss:2  | Cast into level 2 of the Abyss (Xom)
  8812 | Abyss:2  | Noticed a tentacled starspawn
  8815 | Abyss:2  | XOM: summons 9 friendly demons
  8816 | Abyss:2  | XOM: cast spell 'Summon Hydra'
  8826 | Abyss:2  | Noticed a worldbinder
  8826 | Abyss:2  | Killed a tentacled starspawn
  8827 | Abyss:2  | Reached skill level 15 in Axes
  8841 | Abyss:2  | Noticed a tentacled starspawn
  8848 | Abyss:2  | XOM: divine lightning
  8849 | Abyss:2  | Noticed a manticore
  8860 | Abyss:2  | Found a corrupted altar of Lugonu.
  8881 | Abyss:2  | Found a corrupted altar of Lugonu.
  8887 | Abyss:2  | Noticed a wretched star
  8890 | Abyss:2  | Noticed a wretched star
  8898 | Abyss:2  | XOM: butterfly on damage
  8900 | Abyss:2  | XOM: cleaving
  8912 | Abyss:2  | XOM: polymorph hellwing -> red devil
  8921 | Abyss:2  | Lost mutation: You have sharp toenails. [potion of
                  | mutation]
  8921 | Abyss:2  | Lost mutation: Your flesh is very heat resistant. (rF++)
                  | [potion of mutation]
  8921 | Abyss:2  | Lost mutation: Your mind is acute. (Int +4, Str/Dex -1)
                  | [potion of mutation]
  8921 | Abyss:2  | Gained mutation: You are vulnerable to cold. (rC-) [potion
                  | of mutation]
  8921 | Abyss:2  | Gained mutation: You have an increased reservoir of magic.
                  | (+10% MP) [potion of mutation]
  8921 | Abyss:2  | Killed from afar by a wretched star

Illustrated notes

Levels and vault maps discovered:
D:1:      dpeg_arrival_pond, layout_basic, hangedman_decor_points,
          chequers_serial_rivers_room_b
D:2:      layout_basic
D:3:      layout_loops_ring, nemelex_xobeh_ov_fountains_minmay, uniq_ijyb,
          uniq_terence, uniq_grinder
D:4:      layout_loops_corners, minmay_temple_entry_statues_pillars,
          minmay_hedge_maze, minmay_puff, uniq_pikel
D:5:      layout_cave_pods, serial_bayou, serial_bayou_lagoon_a,
          serial_bayou_pond_d, serial_bayou_shore_a, serial_bayou_pond_d,
          uniq_duvessa
D:6:      layout_basic, mainiacjoe_overflow_surrounded_room,
          okawaru_altar_gauntlet_db, serial_shops, nicolae_shop_mannequins,
          uniq_blork_the_orc, uniq_prince_ribbit1, uniq_menkaure
D:7:      layout_cave_pools, nicolae_elyvilon_temple_path, lemuel_tele_altar,
          minmay_lizard_king
D:8:      layout_cave_pools, grunt_ashenzari_visionary
          [grunt_ashenzari_visionary_shoals, grunt_ashenzari_visionary_snake],
          fiery_altar_vehumet, gammafunk_ghost_necromancy, enter_bailey_5,
          special_room [special_room_orc], serial_shops,
          nicolae_shop_tiny_glass, grunt_ministairs_10
Abyss:2:  base: D:8, minivault_28

Skill      XL: |  1  2  3  4  5  6  7  8  9 10 |
---------------+-------------------------------+-----
Axes           | 3 4 5 6 8 9 11 13 15 | 15.1
Fighting       | |  3.0
Armour         | |  1.7
Dodging        | |  0.8

Action                     |  1- 3 |  4- 6 |  7- 9 | 10-12 || total
---------------------------+-------+-------+-------+-------++-------
  Melee: Hand axe          |   102 |   116 |   222 |       ||   440
         Punch             |     1 |     3 |     4 |       ||     8
         Touch             |     8 |    22 |    40 |       ||    70
         Kick              |       |    44 |    48 |    31 ||   123
         Peck              |       |       |    32 |    15 ||    47
         Battleaxe         |       |       |       |   114 ||   114
  Evoke: Wand              |       |       |    10 |       ||    10
         Piece from Xom's  |       |       |     2 |       ||     2
    Use: Scroll            |       |       |     1 |    12 ||    13
         Potion            |       |       |     1 |     2 ||     3
   Stab: Petrifying        |       |     2 |       |       ||     2
         Petrified         |       |     2 |       |       ||     2
         Confused          |       |     2 |     1 |       ||     3
 Armour: Leather armour    |    11 |       |       |       ||    11
         Ring mail         |    40 |    38 |    92 |    44 ||   214
  Dodge: Dodged            |    62 |    54 |   107 |    84 ||   307

Table legend: (Time is in decaauts)
 A = Elapsed time spent in this place.
 B = Non-inter-level travel time spent in this place.
 C = Inter-level travel time spent in this place.
 D = Time resting spent in this place.
 E = Time spent auto-exploring this place.
 F = Levels seen in this place.
 G = Mean time per level.
                   A        B        C        D        E       F      G
               +--------+--------+--------+--------+--------+-----+--------+
         Total |   8906 |   8512 |    394 |     32 |   6936 |  10 |  890.6 |
       Dungeon |   7676 |   7282 |    394 |     32 |   6052 |   8 |  959.5 |
         Abyss |    137 |    137 |      0 |      0 |      0 |   1 |  137.0 |
        Bailey |   1092 |   1092 |      0 |      0 |    884 |   1 | 1092.0 |
               +--------+--------+--------+--------+--------+-----+--------+

Top non-repeatable levels by time:
     D:5: 1322 daAuts
     D:4: 1193 daAuts
     D:7: 1181 daAuts
  Bailey: 1092 daAuts
     D:6: 1059 daAuts
     D:8: 872 daAuts
     D:3: 735 daAuts
     D:1: 732 daAuts
     D:2: 579 daAuts
 Abyss:2: 137 daAuts
